 Seeded DCSS version 0.30-a0-56-ge6a4009bfd (webtiles) character file.

Game seed: 17246712331252751712 (custom seed)

429 wilfster70 the Digger (level 6, -5/32 HPs)
             Began as a Gargoyle Earth Elementalist on Sept 10, 2022.
             Slain by an orc
             ... wielding a +0 flail
              (7 damage)
             ... on level 3 of the Dungeon.
             The game lasted 00:06:02 (2244 turns).

wilfster70 the Digger (Gargoyle Earth Elementalist) Turns: 2244, Time: 00:06:02

Health: -5/32      AC:  4    Str: 10 (11) XL:     6   Next: 98%
Magic:  6/12       EV: 11    Int: 23 (24) God:
Gold:   92         SH:  0    Dex:  9 (10) Spells: 12/13 levels left

rFire   . . .      SeeInvis .    a - +2 dagger (venom)
rCold   . . .      Faith    .    (no shield)
rNeg    + . .      Spirit   .    (no body armour)
rPois   ∞          Reflect  .    (no helmet)
rElec   +          Harm     .    (no cloak)
rCorr   .          Rampage  .    (no gloves)
Will    .....                    (no boots)
Stlth   ++........               (no amulet)
HPRegen 0.10/turn                c - +6 ring of intelligence
MPRegen 0.13/turn                (no ring)

@: no status effects
A: sickness immunity, AC +4, negative energy resistance 1, electricity
resistance, torment resistance 1, petrification resistance
a: no special abilities


You were on level 3 of the Dungeon.
You visited 1 branch of the dungeon, and saw 3 of its levels.
You also visited: Sewer.

You collected 92 gold pieces.

Inventory:

Hand Weapons
 a - a +2 dagger of venom (weapon)
Missiles
 u - 6 poisoned darts
Magical Staves
 b - a staff of earth
Jewellery
 c - a +6 ring of intelligence (left hand)
 m - a ring of ice
Scrolls
 e - a scroll of blinking {unknown}
 f - 2 scrolls of teleportation {unknown}
 g - 4 scrolls of fog {unknown}
 h - 3 scrolls of identify {unknown}
 k - 2 scrolls of poison {unknown}
 l - a scroll of amnesia {unknown}
 o - a scroll of enchant armour {unknown}
 p - 2 scrolls of enchant weapon {unknown}
 q - a scroll of noise {unknown}
 s - a scroll of summoning {unknown}
 t - 2 scrolls of magic mapping {unknown}
Potions
 d - 2 potions of magic
 i - 6 potions of curing {unknown}
 j - a potion of cancellation {unknown}
 n - 3 potions of lignification {unknown}
 r - a potion of heal wounds


   Skills:
 - Level 1.5 Dodging
 - Level 2.1 Stealth
 + Level 4.1 Spellcasting
 - Level 0.7 Transmutations
 * Level 7.7 Earth Magic


You had 12 spell levels left.
You knew the following spells:

 Your Spells              Type           Power      Damage    Failure   Level
a - Sandblast             Erth           80%        2d17      1%          1

Your spell library contained the following spells:

 Spells                   Type           Power      Damage    Failure   Level
 Passwall                 Tmut/Erth      20%        N/A       2%          2
 Stone Arrow              Conj/Erth      44%        3d9       6%          3
 Lee's Rapid Deconstruct  Erth           20%        3d13*     12%         5
 Blink                    Tloc           8%         N/A       16%         2
 Petrify                  Tmut/Erth      24%        N/A       19%         4
 Leda's Liquefaction      Hex/Erth       11%        N/A       21%         4
 Dazzling Flash           Conj/Hex       8%         N/A       30%         3
 Lesser Beckoning         Tloc           4%         N/A       30%         3
 Portal Projectile        Hex/Tloc       8%         N/A       30%         3
 Tukima's Dance           Hex            4%         N/A       30%         3
 Anguish                  Hex/Necr       2%         N/A       71%         4
 Manifold Assault         Tloc           4%         N/A       96%         5


Dungeon Overview and Level Annotations

Branches:
Dungeon (3/15)              Sewer (visited)

Altars:
Gozag
Makhleb


Innate Abilities, Weirdness & Mutations

You are immune to sickness and miasma.
Your stone body is resilient. (AC +4)
You are immune to poison.
You resist negative energy. (rN+)
You are resistant to electric shocks. (rElec)
You are resistant to unholy torment.
You are immune to petrification.


Message History

Confirm with . or Enter, or press ? or * to list all spells.
Aiming: Sandblast (safe; 1% risk of failure)
Press: ? - help, Shift-Dir - straight line, f/p - orc
Aim: an orc, wielding a +0 flail and wearing a +0 chain mail (heavily wounded, 89% to hit)
The blast of sand hits the orc but does no damage.
The orc is heavily wounded.
The orc hits you with a +0 hand axe. The orc closely misses you.
The orc barely misses you. x2; The orc hits you with a +0 dagger.
The orc priest closely misses you. The orc barely misses you.
Casting: Sandblast (safe; 1% risk of failure)
Confirm with . or Enter, or press ? or * to list all spells.
Aiming: Sandblast (safe; 1% risk of failure)
Press: ? - help, Shift-Dir - straight line, f/p - orc
Aim: an orc, wielding a +0 flail and wearing a +0 chain mail (heavily wounded, 89% to hit)
The blast of sand hits the orc but does no damage.
The orc is heavily wounded.
The orc closely misses you.
The orc priest hits you with a +0 hand axe.
The orc hits you but does no damage. The orc closely misses you.
The orc barely misses you.
Casting: Sandblast (safe; 1% risk of failure)
Confirm with . or Enter, or press ? or * to list all spells.
Aiming: Sandblast (safe; 1% risk of failure)
Press: ? - help, Shift-Dir - straight line, f/p - orc
Aim: an orc, wielding a +0 flail and wearing a +0 chain mail (heavily wounded, 89% to hit)
The blast of sand hits the orc.
The orc is severely wounded.
The orc hits you with a +0 dagger.
The orc priest hits you but does no damage.
The orc hits you but does no damage. The orc hits you with a +0 hand axe.
The orc barely misses you. The orc hits you with a +0 flail.
* * * LOW HITPOINT WARNING * * *
The orc hits you with a +0 hand axe.
* * * LOW HITPOINT WARNING * * *
The orc barely misses you.
The orc priest hits you with a +0 hand axe.
* * * LOW HITPOINT WARNING * * *
The orc barely misses you. The orc attacks as you move away!
The orc hits you with a +0 flail!
You die...

##.##.. ##.####. ##.# #.
##.# ###### #+####
##.####....#####....#
.....†.....'......#.#.#
##.####....#...........
##.#...)...#......#.#.##
...#....####...o@o..(>..
####....# #...ooo######
#....# #####..# ######
#.... ..... #.#...
#.#.... #.#.....


You could see an orc priest and 4 orcs.

Vanquished Creatures
  3 kobold brigands (Sewer)
  An orc wizard (D:3)
  3 river rats
  11 adders
  2 worms
  A dart slug (D:3)
  5 orcs (D:3)
  4 ball pythons
  A bat (D:1)
  5 endoplasms
  5 giant cockroaches
  3 goblins (D:1)
  3 hobgoblins
  3 quokkas
  A frilled lizard (D:2)
  11 kobolds
  5 rats
67 creatures vanquished.

Notes
Turn   | Place    | Note
-------+----------+-------------------------------------------
     0 | D:1      | wilfster70 the Gargoyle Earth Elementalist began the quest
                  | for the Orb.
     0 | D:1      | Reached XP level 1. HP: 10/10 MP: 3/3
   178 | D:1      | Reached skill level 4 in Earth Magic
   181 | D:1      | Identified a scroll of acquirement
   181 | D:1      | Acquired a +6 ring of intelligence
   249 | D:1      | Acquired a staff of earth
   275 | D:1      | Reached XP level 2. HP: 15/15 MP: 3/5
   758 | D:2      | Reached XP level 3. HP: 19/19 MP: 4/6
   986 | D:2      | Found a faded altar of an unknown god.
  1267 | D:3      | Reached skill level 5 in Earth Magic
  1267 | D:3      | Reached XP level 4. HP: 24/24 MP: 5/8
  1406 | D:3      | Found a glowing drain.
  1438 | D:3      | Reached XP level 5. HP: 18/28 MP: 5/9
  1456 | Sewer    | Entered a sewer
  1706 | Sewer    | Reached skill level 6 in Earth Magic
  1778 | Sewer    | Acquired Silogo's Catalogue of Cursed Excavation
  1854 | Sewer    | Noticed a kobold brigand
  1861 | Sewer    | Killed a kobold brigand
  1862 | Sewer    | Reached XP level 6. HP: 32/32 MP: 3/11
  1998 | Sewer    | Reached skill level 7 in Earth Magic
  2181 | D:3      | Found an opulent altar of Gozag.
  2189 | D:3      | Found a burning altar of Makhleb.
  2244 | D:3      | Slain by an orc

Illustrated notes

Levels and vault maps discovered:
D:1:      evilmike_arrival_plus, layout_rooms
D:2:      minmay_evil_eye, layout_loops_ring, ebering_ecumenical_altar_box
D:3:      layout_basic, palyth_temple_overflow_mages, nzn_wu_jian_contemplation,
          amethyst_overflow_temple_binary, portal_sewer_entry_c

Skill      XL: |  1  2  3  4  5  6 |
---------------+-------------------+-----
Earth Magic    | 4 5 6 7 |  7.7
Spellcasting   | 3 4 |  4.1
Dodging        | |  1.5
Stealth        | |  2.1
Transmutations | |  0.7

Action                   |  1- 3 |  4- 6 || total
-------------------------+-------+-------++-------
Melee: Unarmed           |     5 |       ||     5
       Staff             |     3 |    19 ||    22
       Dagger            |       |    16 ||    16
 Cast: Sandblast         |    29 |    61 ||    90
  Use: Scroll            |     2 |     1 ||     3
       Potion            |       |     4 ||     4
Armor: Robe              |     6 |       ||     6
       Skin              |       |    20 ||    20
Dodge: Dodged            |    13 |    56 ||    69

Table legend: (Time is in decaauts)
 A = Elapsed time spent in this place.
 B = Non-inter-level travel time spent in this place.
 C = Inter-level travel time spent in this place.
 D = Time resting spent in this place.
 E = Time spent auto-exploring this place.
 F = Levels seen in this place.
 G = Mean time per level.
                   A        B        C        D        E       F      G
               +--------+--------+--------+--------+--------+-----+--------+
         Total |   2363 |   2320 |     43 |    520 |    770 |   4 |  590.8 |
       Dungeon |   1649 |   1606 |     43 |    211 |    659 |   3 |  549.7 |
         Sewer |    713 |    713 |      0 |    309 |    111 |   1 |  713.0 |
               +--------+--------+--------+--------+--------+-----+--------+

Top non-repeatable levels by time:
     D:1: 721 daAuts
   Sewer: 713 daAuts
     D:2: 551 daAuts
     D:3: 376 daAuts
